 Dungeon Crawl Stone Soup version 0.31-a0-625-gc9c7e45 (webtiles) character file.

Game seed: 11488100268092421949

1903392 Wizard1ke the Dissolving Gnoll (level 26, 215/215 HPs)
             Began as a Gnoll Fighter on Aug 24, 2023.
             Was an Elder of Jiyva.
             Escaped with the Orb
             ... and 3 runes!
             The game lasted 03:13:29 (52013 turns).

Wizard1ke the Dissolving Gnoll (Gnoll Fighter)     Turns: 52013, Time: 03:13:30

Health: 215/215    AC: 38    Str: 28 (30) XL:     26   Next: 67%
Magic:  45/45      EV: 15    Int: 11 (14) God:    Jiyva [****..]
Gold:   1246       SH: 21    Dex: 14 (16) Spells: 35/61 levels left

rFire   + + +        f - +7 demon whip (heavy)
rCold   + + +        s - +0 tower shield
rNeg    + + +        B - +8 plate armour "Wuicim" {+Inv Fly rF+ rN+}
rPois   +            Y - +1 helmet
rElec   +            A - +2 cloak {Stlth+}
rCorr   +            h - +0 pair of gloves {Str+3}
SInv    +            W - +1 pair of boots
Will    +....        (no amulet)
Stlth   ++           S - ring "Ytamn" {rPois rC+ rN+++ SInv Stlth-}
HPRegen 1.83/turn    c - ring "Savo" {rElec SInv}
MPRegen 0.69/turn

%: clarity
@: flying, studying 3 skills
A: fangs 1, strong nose, distributed training, thin skeletal structure 1, agile
1, clarity, clever 2, cold resistance 2, fire resistance 2, strong 1, acidic
bite, eyeballs 3, translucent skin 1, devolution 1
0: Orb of Zot
}: 3/15 runes: barnacled, slimy, gossamer
a: Renounce Religion, Evoke Invisibility, Oozemancy, Slimify


You escaped.
You worshipped Jiyva.
Jiyva was greatly pleased with you.
You visited 11 branches of the dungeon, and saw 52 of its levels.
You visited the Abyss 1 time.
You also visited: Sewer, Ice Cave, Volcano and Desolation.

You collected 4551 gold pieces.
You spent 3305 gold pieces at shops.

Inventory:

Hand Weapons
 f - a +7 heavy demon whip (weapon)
Missiles
 M - 8 silver javelins
 N - 18 javelins
 X - 8 curare-tipped darts
Armour
 h - a +0 pair of gloves of strength (worn)
 s - a +0 tower shield (worn)
 A - a +2 cloak of stealth (worn)
 B - the +8 plate armour "Wuicim" (worn) {+Inv Fly rF+ rN+}
   (You found it in the Desolation of Salt)

   rF+:       It protects you from fire.
   rN+:       It protects you from negative energy.
   +Inv:      It lets you turn invisible.
   Fly:       It grants you flight.
 F - +0 gold dragon scales
 W - a +1 pair of boots (worn)
 Y - a +1 helmet (worn)
Jewellery
 b - the ring of the Raven {Drain rPois rCorr Slay+3 SInv}
   (You found it on level 3 of the Elven Halls)

   [ring of poison resistance]

   Slay+3:    It affects your accuracy & damage with ranged weapons and melee
   (+3).
   rPois:     It protects you from poison SInv: It lets you see invisible.
   rCorr:     It protects you from acid and corrosion.
   Drain:     It drains your maximum health when unequipped.
 c - the ring "Savo" (right hand) {rElec SInv}
   (You found it on level 15 of the Dungeon)

   [ring of see invisible]

   rElec:     It insulates you from electricity.
   SInv:      It lets you see invisible.
 j - a ring of willpower
 m - an amulet of faith
 o - a ring of willpower
 z - a ring of protection from fire
 S - the ring "Ytamn" (left hand) {rPois rC+ rN+++ SInv Stlth-}
   (You found it on level 1 of the Spider Nest)

   [ring of poison resistance]

   rC+:       It protects you from cold.
   rPois:     It protects you from poison rN+++: It renders you almost immune to
   negative energy.
   SInv:      It lets you see invisible.
   Stlth-:    It makes you less stealthy.
Wands
 a - a wand of mindburst (36)
 y - a wand of quicksilver (5)
 J - a wand of charming (44)
 L - a wand of roots (48)
 R - a wand of digging (8)
Scrolls
 g - 2 scrolls of immolation
 i - 2 scrolls of fog
 k - 5 scrolls of silence {!r}
 n - 9 scrolls of teleportation
 t - 4 scrolls of fear
 x - a scroll of summoning
 G - 4 scrolls of vulnerability
 K - 7 scrolls of poison
 O - 2 scrolls of blinking
 P - 2 scrolls of revelation
 T - a scroll of enchant armour
Potions
 d - 7 potions of might
 l - 4 potions of enlightenment
 p - 8 potions of ambrosia
 q - 5 potions of resistance
 r - 2 potions of haste
 u - 11 potions of curing
 w - 5 potions of attraction
 C - a potion of berserk rage {!q}
 E - 6 potions of heal wounds
 Q - 7 potions of mutation
 U - 5 potions of brilliance
 V - 2 potions of magic
 Z - a potion of invisibility
Miscellaneous
 e - a condenser vane
 v - a sack of spiders
 D - a phantom mirror
 H - a lightning rod (4/4)
 I - a phial of floods


   Skills:
 + Level 19.1 Fighting
 + Level 18.1 Short Blades
 + Level 18.1 Long Blades
 + Level 18.6 Axes
 + Level 18.1 Maces & Flails
 + Level 18.1 Polearms
 + Level 18.1 Staves
 + Level 18.1 Ranged Weapons
 + Level 20.1 Throwing
 + Level 19.1 Armour
 + Level 18.1 Dodging
 + Level 18.1 Stealth
 + Level 19.1 Shields
 + Level 18.1 Unarmed Combat
 + Level 18.1 Spellcasting
 + Level 15.4 Conjurations
 + Level 15.4 Hexes
 + Level 15.4 Summonings
 + Level 15.4 Necromancy
 + Level 15.4 Translocations
 + Level 15.4 Transmutations
 + Level 15.4 Fire Magic
 + Level 15.4 Ice Magic
 + Level 15.4 Air Magic
 + Level 15.4 Earth Magic
 + Level 15.4 Poison Magic
 + Level 24.5 Invocations
 + Level 20.1 Evocations
 + Level 16.7 Shapeshifting


You had 35 spell levels left.
You knew the following spells:

 Your Spells              Type           Power      Damage    Failure   Level
a - Passwall              Tmut/Erth      35%        N/A       1%          2
b - Blink                 Tloc           86%        N/A       1%          2
c - Vhi's Electric Charg  Tloc/Air       86%        N/A       1%          3
d - Manifold Assault      Tloc           43%        N/A       1%          4
e - Portal Projectile     Hex/Tloc       86%        N/A       1%          3
f - Borgnjor's Vile Clut  Necr/Erth      21%        N/A       2%          5
g - Dispersal             Tloc           21%        N/A       12%         6
h - Apportation           Tloc           86%        N/A       1%          1

Your spell library contained the following spells:

 Spells                   Type           Power      Damage    Failure   Level
 Freeze                   Ice            100%       1d10      1%          1
 Sandblast                Erth           86%        2d18      1%          1
 Sting                    Tmut/Pois      100%       1d8       1%          1
 Cigotuvi's Dreadful Rot  Necr/Pois/Air  86%        N/A       1%          2
 Lesser Beckoning         Tloc           86%        N/A       1%          2
 Momentum Strike          Conj/Tloc      86%        3d10      1%          2
 Poisonous Vapours        Pois/Air       86%        N/A       1%          2
 Scorch                   Fire           86%        2d8       1%          2
 Sublimation of Blood     Necr           43%        N/A       1%          2
 Wereblood                Tmut           43%        N/A       1%          2
 Frozen Ramparts          Ice            86%        1d13      1%          3
 Hailstorm                Conj/Ice       43%        3d10      1%          3
 Ignite Poison            Fire/Tmut/Pois 43%        N/A       1%          3
 Inner Flame              Hex/Fire       43%        N/A       1%          3
 Ozocubu's Armour         Ice            43%        N/A       1%          3
 Stone Arrow              Conj/Erth      86%        3d12      1%          3
 Tukima's Dance           Hex            43%        N/A       1%          3
 Dispel Undead            Necr           43%        3d17      1%          4
 Flame Wave               Conj/Fire      43%        2d11      1%          4
 Iskenderun's Mystic Bla  Conj/Tloc      43%        2d10      1%          4
 Passage of Golubria      Tloc           43%        N/A       1%          4
 Summon Ice Beast         Ice/Summ       43%        N/A       1%          4
 Agony                    Necr           43%        N/A       2%          5
 Alistair's Intoxication  Tmut/Pois      28%        N/A       2%          5
 Fireball                 Conj/Fire      21%        3d10      2%          5
 Freezing Cloud           Conj/Ice/Air   21%        6-21      2%          5
 Irradiate                Conj/Tmut      21%        3d18      2%          5
 Iskenderun's Battlesphe  Conj           43%        2d9       2%          5
 Metabolic Englaciation   Hex/Ice        21%        N/A       2%          5
 Summon Mana Viper        Hex/Summ       43%        N/A       2%          5
 Yara's Violent Unravell  Hex/Tmut       21%        3d10      2%          5
 Conjure Ball Lightning   Conj/Air       21%        3x3d6     12%         6
 Eringya's Noxious Bog    Tmut/Pois      21%        4d6       12%         6
 Leda's Unmaking          Conj/Erth      21%        9d4       12%         6
 Simulacrum               Ice/Necr       21%        N/A       12%         6
 Starburst                Conj/Fire      21%        6d7       12%         6
 Summon Cactus Giant      Summ           21%        N/A       12%         6
 Enfeeble                 Hex            21%        N/A       54%         7
 Haunt                    Necr/Summ      21%        N/A       54%         7
 Monstrous Menagerie      Summ           21%        N/A       54%         7
 Orb of Destruction       Conj           21%        9d8       54%         7
 Ozocubu's Refrigeration  Ice            21%        4d12      54%         7
 Spellforged Servitor     Conj/Summ      21%        N/A       54%         7
 Disjunction              Tloc           21%        N/A       99%         8
 Chain Lightning          Conj/Air       21%        3d28      100%        9
 Fire Storm               Conj/Fire      21%        8d6       100%        9
 Polar Vortex             Ice            21%        12d2*     100%        9
 Shatter                  Erth           21%        3d19*     100%        9


Dungeon Overview and Level Annotations

Branches:
Dungeon (15/15)            Temple (1/1) D:6            Lair (5/5) D:9
 Shoals (4/4) Lair:2       Spider (4/4) Lair:2        Slime (5/5) Lair:5
    Orc (2/2) D:11            Elf (3/3) Orc:2        Vaults (4/5) D:14
  Crypt (0/3) Vaults:2     Depths (4/4) D:15            Zot (5/5) Depths:4
  Sewer (visited)           IceCv (visited)         Volcano (visited)
Desolation (visited)

Altars:
Ashenzari
Cheibriados
Dithmenos
Elyvilon
Fedhas
Gozag
Hepliaklqana
Kikubaaqudgha
Makhleb
Nemelex Xobeh
Okawaru
Qazlal
Ru
Sif Muna
Trog
Uskayaw
Vehumet
Wu Jian
Xom
Yredelemnul
Zin
The Shining One
Jiyva

Shops:
Orc:2 (*([   Elf:2 !   Zot:2 *

Portals:
Hell: Depths:1 Depths:2 Depths:3 Depths:4
Abyss: Depths:3
Pandemonium: Depths:2 Depths:4
Ziggurat: Depths:4
Bazaar: D:15
Trove: D:15 (give horn of Geryon)

Annotations:
D:15 exclusion: obsidian statue
Spider:3 Roxanne
Slime:5 Royal Jelly
Elf:2 3 runed translucent doors, Donald
Vaults:5 !vaults warning
Zot:2 2 transporters, Nacytt's ghost, legendary MiFi


Innate Abilities, Weirdness & Mutations

You have very sharp teeth.
Your uncanny sense of smell can sniff out nearby items.
Your experience applies equally to all skills.
You have a somewhat thin skeletal structure. (Dex +2, Stealth+)
You are agile. (Dex +4, Str/Int -1)
You possess an exceptional clarity of mind.
Your mind is very acute. (Int +8, Str/Dex -2)
Your flesh is very cold resistant. (rC++)
Your flesh is very heat resistant. (rF++)
Your muscles are strong. (Str +4, Int/Dex -1)
You have acidic saliva.
Your body is covered in eyes which may confuse attackers. (Acc +7, SInv)
Your translucent skin slightly reduces your foes' accuracy. (Stealth+)
You have hidden genetic defects.


Message History

The green death gestures at you. The blast of poison misses you.
You hit the green death.
The green death is lightly wounded.
You block the green death's attack.
You hit the green death.
The green death is lightly wounded.
The green death gestures at you. The poison arrow hits you!!
You are poisoned.
You partially resist.
You thrash the green death!! Your bite misses the green death.
The green death is severely wounded.
You feel very sick. The green death gestures at you.
The bolt of poison misses you.
You thrash the green death!!
You kill the green death!
You feel sick.
No target in view!
No target in view!
You feel sick.
You feel sick.
You feel sick.
You feel sick.
You feel sick.
You feel sick.
You feel sick.
You are no longer poisoned.
There is a staircase leading out of the dungeon here.
You start resting.
HP restored.
You can't see any susceptible monsters within range! (Use Z to cast anyway.)
Okay, then.
Really remove
m - an amulet of faith?
You start removing your amulet.
You continue taking off your amulet of faith. x4
You finish taking off your amulet of faith.
Jiyva seems less interested in you.
You feel less pious.
You have escaped!

### ##@## ###...#
##.....## ###.......#
##.........#
###..........##
####......8......#
####.........##.....#
.....###.....##.....#


There were no monsters in sight!

Vanquished Creatures
  2 dread liches
  An ancient lich (Zot:5)
  4 orbs of fire
  Mara (Spider:4)
  Mennas (Vaults:4)
  2 juggernauts
  3 Killer Klowns (Zot:5)
  6 caustic shrikes
  2 curse toes
  14 golden dragons
  2 bone dragons (Depths:4)
  4 electric golems
  Arachne (Spider:3)
  18 tentacled monstrosities
  6 liches
  Zenata (Elf:3)
  A quicksilver dragon (Zot:3)
  27 Orb Guardians
  2 walking frostbound tomes (Depths:3)
  2 deep elf master archers (Elf:3)
  2 deep elf blademasters (Elf:3)
  2 titans
  Polyphemus (Shoals:2)
  A kraken (Shoals:2)
  6 sphinxes
  Gastronok (Lair:2)
  6 shadow dragons
  7 death cobs
  3 tengu reavers
  10 storm dragons
  6 draconian knights
  3 draconian monks
  10 frost giants
  14 fire giants
  3 draconian scorchers
  3 iron dragons
  5 deep elf sorcerers
  A daeva (D:2)
  3 draconian shifters
  2 imperial myrmidons (Desolation)
  A balrug (Depths:4)
  2 deep elf elementalists
  7 ghost moths
  10 vault wardens
  A broodmother (Spider:4)
  5 emperor scorpions
  2 orc warlords
  2 draconian stormcallers
  A reaper (Depths:1)
  2 war gargoyles (Vaults:2)
  4 spriggan defenders (Depths:3)
  11 ironbound preservers
  11 ironbound thunderhulks
  5 green draconians
  10 stone giants
  4 draconian annihilators
  3 vampire knights
  Azrael (D:14)
  4 deep elf demonologists
  18 yellow draconians
  20 very ugly things
  12 spark wasps
  2 deep elf annihilators (Elf:3)
  16 black draconians
  14 purple draconians
  15 red draconians
  6 white draconians
  9 dire elephants
  4 crystal guardians (Desolation)
  5 deep elf death magi
  Snorg (D:11)
  2 green deaths
  4 ragged hierophants (Desolation)
  14 merfolk impalers
  6 ettins
  A blizzard demon (Depths:1)
  5 entropy weavers
  12 fire dragons
  7 merfolk javelineers
  An entropy weaver (shapeshifter) (Elf:3)
  11 servants of whispers (Desolation)
  3 deep elf high priests (Elf:3)
  2 jiangshi (Depths:4)
  9 yaktaur captains
  11 ice dragons
  8 peacekeepers
  4 vault guards
  2 hydras
  4 rakshasas
  Erolcha (D:9)
  3 hell beasts
  5 jorogumos
  2 catoblepae
  A radroach (Spider:2)
  9 spriggan air magi
  11 centaur warriors
  3 two-headed ogres
  5 boulder beetles
  4 merfolk avatars
  2 alligator snapping turtles
  5 ironbound frosthearts
  4 merfolk aquamancers
  15 deep troll shamans
  6 tengu warriors
  3 death yaks (Shoals:2)
  10 deep troll earth magi
  A vampire mage (Depths:4)
  11 demonic crawlers
  A satyr (Shoals:4)
  A hell hog (Depths:1)
  11 dancing weapons
  2 orc high priests (Orc:2)
  Urug (Lair:5)
  2 thrashing horrors (Abyss:3)
  11 hell knights
  12 spriggan berserkers
  9 deep elf knights
  Amaemon (Lair:3)
  7 skysharks
  6 iron trolls
  5 sun moths
  2 goliath frogs (Lair:5)
  8 pharaoh ants
  A sixfirhy (Depths:4)
  52 deep trolls
  6 sea snakes
  11 orb spiders
  2 steelbarb worms (Spider:4)
  6 wizards
  11 deep elf archers
  2 flayed ghosts
  8 lindwurms
  A large abomination (Abyss:2)
  44 harpies
  5 necromancers
  18 ironbound convokers
  6 orc knights
  15 deep elf zephyrmancers
  20 wolf spiders
  Pikel (D:4)
  6 cyclopes
  An oklob plant (Zot:4)
  2 orc sorcerers (D:15)
  A cyclops (shapeshifter) (Depths:4)
  A shadow dragon skeleton (Vaults:4)
  21 deep elf pyromancers
  27 ugly things
  6 fauns
  9 manticores
  22 moths of wrath
  A human skeleton (Vaults:4)
  A salamander (shapeshifter) (Elf:2)
  11 merfolk sirens
  11 elephants
  4 rust devils
  5 guardian serpents (Desolation)
  2 toenail golems
  5 torpor snails
  3 smoke demons (Volcano)
  8 water nymphs
  2 ice statues (IceCv)
  9 vault sentinels
  Jeremiah (D:6)
  2 black mambas
  3 gargoyles
  3 orange demons
  21 cane toads
  40 yaktaurs
  A rime drake (Lair:3)
  2 unseen horrors
  A tormentor (Depths:4)
  A yaktaur zombie (Vaults:4)
  2 freezing wraiths
  Psyche (D:8)
  An efreet (D:14)
  19 komodo dragons
  8 tengu conjurers
  28 merfolk
  6 trolls
  9 meliai
  6 polar bears
  2 red devils
  8 wind drakes
  Prince Ribbit (D:9)
  56 saltlings (Desolation)
  16 tarantellas
  2 tyrant leeches (Lair:5)
  7 hornets
  22 blink frogs
  12 dream sheep
  6 snapping turtles
  22 jumping spiders
  3 spriggans
  13 air elementals
  25 culicivoras
  A wraith (D:10)
  3 starcursed masses
  32 water elementals
  64 yaks
  A shadow (D:11)
  A vampire (D:10)
  2 wyverns
  9 fire elementals
  4 hogs (D:10)
  18 humans
  2 chaos spawn
  3 fire bats (Lair:4)
  4 steam dragons (Volcano)
  A neqoxec (Depths:4)
  6 basilisks
  9 vampire mosquitoes
  2 wargs
  67 redbacks
  3 acid dragons
  12 water moccasins
  6 hell hounds
  A sky beast (D:7)
  A great orb of eyes simulacrum (IceCv)
  40 orc warriors
  2 black bears
  An ice beast (D:7)
  7 ogres
  A boggart (D:15)
  13 wolves
  A lemure (D:4)
  6 centaurs
  A slime creature simulacrum (IceCv)
  A kobold brigand (D:5)
  2 earth elementals
  Blork the orc (D:5)
  2 glowing shapeshifter simulacra (IceCv)
  30 bullfrogs
  A gnoll sergeant (D:6)
  5 scorpions
  18 killer bees
  A howler monkey (D:5)
  5 electric eels
  A human simulacrum (Vaults:4)
  A gnoll bouda (D:9)
  3 hounds
  A jelly (D:4)
  14 orc priests
  An iron imp (Abyss:2)
  Ijyb (D:5)
  5 hell rats (Lair:4)
  4 iguanas
  35 orc wizards
  2 shapeshifter simulacra (IceCv)
  10 gnolls
  13 adders
  2 shadow imps (D:6)
  12 white imps (Orc:1)
  2 ufetubi
  7 worms
  108 orcs
  8 endoplasms
  9 giant cockroaches
  8 goblins
  13 hobgoblins
  9 jackals
  14 quokkas
  4 ball pythons
  6 bats
  6 frilled lizards
  7 kobolds
  5 rats
  2 tentacles (Shoals:2)
2103 creatures vanquished.

Vanquished Creatures (collateral kills)
  A merfolk impaler (Shoals:4)
  A centaur warrior (D:13)
  A tengu warrior (D:13)
  A hell knight (Vaults:3)
  A pharaoh ant (Lair:2)
  A sea snake (Shoals:4)
  A necromancer (Vaults:3)
  A merfolk (Shoals:4)
  A wind drake (Shoals:3)
  2 saltlings (Desolation)
  A redback (Lair:2)
12 creatures vanquished.

Vanquished Creatures (others)
  Boris (Vaults:4)
  A golden dragon (Zot:1)
  2 azure jellies
  10 acid blobs (Zot:4)
  3 draconian monks (Zot:4)
  A shadow dragon (Zot:4)
  A fire giant (Depths:3)
  A ghost moth (Zot:4)
  3 deep elf elementalists (Elf:3)
  A draconian stormcaller (Zot:4)
  A draconian annihilator (Zot:4)
  A very ugly thing (Depths:2)
  6 deep elf demonologists (Elf:3)
  2 ironbound thunderhulks
  6 yellow draconians (Zot:4)
  4 deep elf annihilators (Elf:3)
  A black draconian (Zot:1)
  5 great orbs of eyes
  An ironbound frostheart (Vaults:3)
  A merfolk avatar (Shoals:1)
  A boulder beetle (Vaults:2)
  A deep elf knight (Elf:2)
  4 glowing orange brains
  An ironbound convoker (Vaults:3)
  A wizard (Vaults:3)
  An orc knight (Vaults:1)
  3 deep trolls
  3 harpies
  A deep elf archer (Elf:1)
  An ugly thing (Depths:2)
  A shining eye (shapeshifter) (Elf:1)
  A vault sentinel (Vaults:2)
  A rust devil (Depths:4)
  An ice statue (IceCv)
  A human skeleton (Vaults:4)
  A komodo dragon (shapeshifter) (Depths:1)
  7 yaktaurs
  A troll (D:12)
  34 slime creatures
  A culicivora (shapeshifter) (Depths:1)
  2 floating eyes
  An orc warrior (Orc:2)
  2 great orb of eyes simulacra (IceCv)
  A centaur (D:12)
  4 boggarts (D:15)
  2 glowing shapeshifter simulacra (IceCv)
  229 jellies
  An orc priest (Orc:2)
  2 orc wizards (Orc:2)
  2 shapeshifter simulacra (IceCv)
  14 orcs
  5 tentacles (Shoals:2)
383 creatures vanquished.

Grand Total: 2498 creatures vanquished

Notes
Turn   | Place    | Note
-------+----------+-------------------------------------------
     0 | D:1      | Wizard1ke the Gnoll Fighter began the quest for the Orb.
     0 | D:1      | Reached XP level 1. HP: 23/23 MP: 1/1
   185 | D:1      | Reached XP level 2. HP: 25/29 MP: 2/2
   459 | D:1      | Reached XP level 3. HP: 31/35 MP: 2/4
   779 | D:1      | Reached skill level 1 in Invocations
   844 | D:2      | Reached skill level 1 in Short Blades
   844 | D:2      | Reached skill level 1 in Long Blades
   844 | D:2      | Reached skill level 1 in Maces & Flails
   844 | D:2      | Reached skill level 1 in Polearms
   844 | D:2      | Reached skill level 1 in Staves
   844 | D:2      | Reached skill level 1 in Ranged Weapons
   844 | D:2      | Reached skill level 1 in Throwing
   844 | D:2      | Reached skill level 1 in Dodging
   844 | D:2      | Reached skill level 1 in Stealth
   844 | D:2      | Reached skill level 1 in Unarmed Combat
   844 | D:2      | Reached skill level 1 in Spellcasting
   844 | D:2      | Reached skill level 1 in Evocations
   863 | D:2      | Reached XP level 4. HP: 41/41 MP: 5/5
   870 | D:2      | Reached skill level 1 in Shapeshifting
  1114 | D:2      | Reached skill level 1 in Conjurations
  1114 | D:2      | Reached skill level 1 in Hexes
  1114 | D:2      | Reached skill level 1 in Summonings
  1114 | D:2      | Reached skill level 1 in Necromancy
  1114 | D:2      | Reached skill level 1 in Translocations
  1114 | D:2      | Reached skill level 1 in Transmutations
  1114 | D:2      | Reached skill level 1 in Fire Magic
  1114 | D:2      | Reached skill level 1 in Ice Magic
  1114 | D:2      | Reached skill level 1 in Air Magic
  1114 | D:2      | Reached skill level 1 in Earth Magic
  1114 | D:2      | Reached skill level 1 in Poison Magic
  1475 | D:3      | Reached XP level 5. HP: 46/47 MP: 6/6
  2273 | D:4      | Reached skill level 2 in Invocations
  2273 | D:4      | Reached XP level 6. HP: 36/53 MP: 8/8
  2399 | D:4      | Identified the +8 lajatang of Insufficient Pleasure
                  | {freeze, rN+ Will+ Str+4}
  2624 | D:4      | Reached skill level 5 in Axes
  2942 | D:4      | Noticed a black bear
  2947 | D:4      | Killed a black bear
  2948 | D:4      | Reached XP level 7. HP: 34/60 MP: 10/10
  3299 | D:5      | Entered Level 5 of the Dungeon
  3587 | D:5      | Noticed Pikel
  3661 | D:5      | Reached skill level 3 in Invocations
  3684 | D:5      | Reached XP level 8. HP: 47/67 MP: 12/12
  3733 | D:5      | Found a glowing drain.
  3747 | Sewer    | Entered a sewer
  4342 | D:5      | Noticed Blork the orc
  4349 | D:5      | Killed Blork the orc
  4580 | D:4      | Killed Pikel
  4581 | D:4      | Reached skill level 4 in Invocations
  4585 | D:5      | Noticed Ijyb
  4596 | D:5      | Killed Ijyb
  4597 | D:5      | Reached XP level 9. HP: 73/73 MP: 14/14
  4740 | D:6      | Noticed Jeremiah
  4786 | D:6      | Killed Jeremiah
  5143 | D:6      | Found a staircase to the Ecumenical Temple.
  5151 | Temple   | Entered the Ecumenical Temple
  5158 | Temple   | Became a worshipper of the Shining One
  5310 | D:6      | Found a stormy altar of Qazlal.
  5336 | D:6      | Found an ancient bone altar of Kikubaaqudgha.
  5850 | D:7      | Reached skill level 5 in Invocations
  7143 | D:8      | Reached XP level 10. HP: 80/80 MP: 17/17
  7226 | D:8      | Noticed Psyche
  7230 | D:8      | Killed Psyche
  7231 | D:8      | Reached skill level 5 in Short Blades
  7231 | D:8      | Reached skill level 5 in Long Blades
  7231 | D:8      | Reached skill level 5 in Maces & Flails
  7231 | D:8      | Reached skill level 5 in Polearms
  7231 | D:8      | Reached skill level 5 in Staves
  7231 | D:8      | Reached skill level 5 in Ranged Weapons
  7231 | D:8      | Reached skill level 5 in Throwing
  7231 | D:8      | Reached skill level 5 in Dodging
  7231 | D:8      | Reached skill level 5 in Stealth
  7231 | D:8      | Reached skill level 5 in Unarmed Combat
  7231 | D:8      | Reached skill level 5 in Spellcasting
  7231 | D:8      | Reached skill level 5 in Evocations
  7768 | D:8      | Noticed a two-headed ogre
  7782 | D:8      | Killed a two-headed ogre
  8027 | D:8      | Learned a level 2 spell: Passwall
  8047 | D:9      | Reached skill level 6 in Invocations
  8106 | D:9      | Reached skill level 5 in Shapeshifting
  8233 | D:9      | Reached * piety under the Shining One
  8238 | D:9      | Noticed Prince Ribbit
  8243 | D:9      | Killed Prince Ribbit
  8257 | D:9      | Noticed Erolcha
  8283 | D:9      | Killed Erolcha
  8284 | D:9      | Reached skill level 5 in Conjurations
  8284 | D:9      | Reached skill level 5 in Hexes
  8284 | D:9      | Reached skill level 5 in Summonings
  8284 | D:9      | Reached skill level 5 in Necromancy
  8284 | D:9      | Reached skill level 5 in Translocations
  8284 | D:9      | Reached skill level 5 in Transmutations
  8284 | D:9      | Reached skill level 5 in Fire Magic
  8284 | D:9      | Reached skill level 5 in Ice Magic
  8284 | D:9      | Reached skill level 5 in Air Magic
  8284 | D:9      | Reached skill level 5 in Earth Magic
  8284 | D:9      | Reached skill level 5 in Poison Magic
  8284 | D:9      | Reached XP level 11. HP: 68/89 MP: 18/20
  8356 | D:9      | Noticed a two-headed ogre
  8363 | D:9      | Killed a two-headed ogre
  8377 | D:9      | Found a staircase to the Lair.
  8988 | D:9      | Reached skill level 7 in Invocations
  9165 | D:9      | Found a burning altar of Makhleb.
  9464 | D:10     | Entered Level 10 of the Dungeon
  9638 | D:10     | Found a blossoming altar of Fedhas.
  9670 | D:10     | Reached ** piety under the Shining One
 10422 | D:11     | Noticed a cyclops
 10431 | D:11     | Found a staircase to the Orcish Mines.
 10434 | D:11     | Killed a cyclops
 10464 | D:11     | Noticed Snorg
 10486 | D:11     | Killed Snorg
 10487 | D:11     | Reached XP level 12. HP: 45/97 MP: 20/22
 10689 | D:11     | Noticed a boulder beetle
 10698 | D:11     | Killed a boulder beetle
 11067 | Lair:1   | Entered Level 1 of the Lair of Beasts
 11073 | Lair:1   | Reached skill level 8 in Invocations
 11202 | D:9      | Reached skill level 10 in Fighting
 11202 | D:9      | Reached skill level 10 in Armour
 11202 | D:9      | Reached skill level 10 in Shields
 11798 | Lair:2   | Noticed Sonja
 11857 | Lair:2   | Sonja changed into Sonja the hornet
 11857 | Lair:2   | Noticed Sonja
 11860 | Lair:2   | Paralysed by Sonja for 2 turns
 11865 | Lair:2   | Killed Sonja the hornet
 11913 | Lair:2   | Noticed Gastronok
 11936 | Lair:2   | Killed Gastronok
 12117 | Lair:2   | Noticed a demonic crawler
 12132 | Lair:1   | Killed a demonic crawler
 12157 | Lair:2   | Reached XP level 13. HP: 99/104 MP: 23/25
 12281 | Lair:2   | Found a hole to the Spider Nest.
 12496 | Lair:2   | Reached skill level 9 in Invocations
 12938 | Lair:2   | Found a staircase to the Shoals.
 13093 | Lair:3   | Reached *** piety under the Shining One
 13780 | Lair:3   | Noticed Amaemon
 14119 | Lair:3   | Killed Amaemon
 14216 | Lair:4   | Reached skill level 10 in Axes
 14252 | Lair:4   | Identified the +7 mace of Fymats {holy, rC+ Str+2}
 14432 | Lair:4   | Reached XP level 14. HP: 64/113 MP: 25/27
 14537 | Lair:4   | Found a dark tunnel.
 14548 | Volcano  | Entered a volcano
 14582 | Volcano  | Reached **** piety under the Shining One
 14652 | Volcano  | Reached skill level 10 in Invocations
 15255 | Lair:5   | Entered Level 5 of the Lair of Beasts
 15704 | Lair:5   | Noticed Urug
 16032 | Lair:5   | Reached XP level 15. HP: 120/120 MP: 28/28
 16083 | Lair:5   | Found a viscous altar of Jiyva.
 16083 | Lair:5   | Found a staircase to the Slime Pits.
 16087 | Lair:5   | Fell from the grace of the Shining One
 16087 | Lair:5   | Became a worshipper of Jiyva Jiyckoh the Shapeless
 16242 | Lair:5   | Killed Urug
 16657 | D:12     | Reached skill level 10 in Short Blades
 16657 | D:12     | Reached skill level 10 in Long Blades
 16657 | D:12     | Reached skill level 10 in Maces & Flails
 16657 | D:12     | Reached skill level 10 in Polearms
 16657 | D:12     | Reached skill level 10 in Staves
 16657 | D:12     | Reached skill level 10 in Ranged Weapons
 16657 | D:12     | Reached skill level 10 in Throwing
 16657 | D:12     | Reached skill level 10 in Dodging
 16657 | D:12     | Reached skill level 10 in Stealth
 16657 | D:12     | Reached skill level 10 in Unarmed Combat
 16657 | D:12     | Reached skill level 10 in Spellcasting
 16657 | D:12     | Reached skill level 10 in Evocations
 16662 | D:12     | Reached * piety under Jiyva
 17094 | D:13     | Reached ** piety under Jiyva
 17105 | D:13     | Reached skill level 11 in Invocations
 17732 | D:14     | Reached *** piety under Jiyva
 17854 | D:14     | Found a gate to the Vaults.
 18193 | D:14     | Found an ancient bone altar of Kikubaaqudgha.
 18298 | D:14     | Noticed Azrael
 18307 | D:14     | Killed Azrael
 18449 | D:14     | Gained mutation: You have sharp toenails. [Jiyva's grace]
 18449 | D:14     | Gained mutation: You have razor-sharp toenails. [Jiyva's
                  | grace]
 18449 | D:14     | Gained mutation: You have claws for feet. [Jiyva's grace]
 18449 | D:14     | Gained mutation: You have hidden genetic potential.
                  | [Jiyva's grace]
 18561 | Orc:1    | Entered Level 1 of the Orcish Mines
 18586 | Orc:1    | Found a frozen archway.
 18972 | IceCv    | Entered an ice cave
 19014 | IceCv    | Got the Secrets of the Deep Freeze
 19017 | IceCv    | Got the Catalogue of Refrigeration
 19189 | IceCv    | Noticed an azure jelly
 19190 | IceCv    | Found a viscous altar of Jiyva.
 19191 | IceCv    | Noticed an azure jelly
 19205 | IceCv    | Got Ihupn's Elucidation of Freezing
 19438 | Orc:2    | Entered Level 2 of the Orcish Mines
 19708 | Orc:2    | Found a staircase to the Elven Halls.
 19741 | Orc:2    | Found Derchaute's Vocational Training.
 19905 | Orc:2    | Noticed an orc warlord
 19941 | Orc:2    | Killed an orc warlord
 19997 | Orc:2    | Found Vyjasmol's Antique Weapon Shop.
 20002 | Orc:2    | Found Ufisetwe's Antique Armour Boutique.
 20041 | Orc:2    | Bought a manual of Invocations for 1040 gold pieces
 20067 | Orc:2    | Bought a glowing eveningstar for 522 gold pieces
 20181 | Orc:2    | Found Coudwean's General Store.
 20190 | Orc:2    | Bought a scroll of enchant weapon for 97 gold pieces
 20264 | Orc:2    | Reached XP level 16. HP: 129/129 MP: 30/30
 20279 | Orc:2    | Found Daeluofodgh's Weapon Shoppe.
 20538 | Orc:2    | Bought a scroll of enchant weapon for 97 gold pieces
 20668 | D:15     | Entered Level 15 of the Dungeon
 20822 | D:15     | Reached **** piety under Jiyva
 20911 | D:15     | Identified the ring "Savo" {rElec SInv}
 21035 | D:15     | Reached skill level 12 in Invocations
 21035 | D:15     | Reached skill level 10 in Shapeshifting
 21099 | D:15     | Found a gateway to a bazaar.
 21100 | Abyss:2  | Cast into level 2 of the Abyss (a wizard)
 21101 | Abyss:2  | Found a corrupted altar of Lugonu.
 21137 | Abyss:2  | Lost mutation: You have hidden genetic potential. [Jiyva's
                  | grace]
 21137 | Abyss:2  | Gained mutation: Armour fits poorly on your pseudopods.
                  | [Jiyva's grace]
 21137 | Abyss:2  | Gained mutation: Armour fits poorly on your large
                  | pseudopods. [Jiyva's grace]
 21137 | Abyss:2  | Gained mutation: Armour fits poorly on your massive
                  | pseudopods. [Jiyva's grace]
 21137 | Abyss:2  | Gained mutation: You have a small jelly attached to you
                  | that may absorb projectiles. [Jiyva's grace]
 21212 | Abyss:2  | Found a snail-covered altar of Cheibriados.
 21240 | Abyss:2  | Found a corrupted altar of Lugonu.
 21270 | Abyss:2  | Noticed an ancient lich
 21280 | Abyss:2  | Found a corrupted altar of Lugonu.
 21366 | D:15     | Escaped the Abyss
 21608 | D:15     | Reached ***** piety under Jiyva
 21655 | D:15     | Found a staircase to the Depths.
 21962 | D:15     | Found a portal to a secret trove of treasure.
 22370 | Spider:1 | Entered Level 1 of the Spider Nest
 22567 | Shoals:1 | Entered Level 1 of the Shoals
 22975 | Shoals:1 | Reached skill level 13 in Invocations
 23186 | Shoals:1 | Lost mutation: You have claws for feet. [Jiyva's grace]
 23186 | Shoals:1 | Lost mutation: You have a small jelly attached to you that
                  | may absorb projectiles. [Jiyva's grace]
 23186 | Shoals:1 | Gained mutation: You are partially covered in iridescent
                  | scales. (AC +2) [Jiyva's grace]
 23186 | Shoals:1 | Gained mutation: You are mostly covered in iridescent
                  | scales. (AC +4) [Jiyva's grace]
 23186 | Shoals:1 | Gained mutation: You are completely covered in iridescent
                  | scales. (AC +6) [Jiyva's grace]
 23186 | Shoals:1 | Gained mutation: Your system is resistant to poisons.
                  | (rPois) [Jiyva's grace]
 23725 | Shoals:2 | Reached XP level 17. HP: 136/136 MP: 32/32
 23806 | Shoals:2 | Noticed a kraken
 23830 | Shoals:2 | Killed a kraken
 23994 | Shoals:2 | Noticed Polyphemus
 24061 | Shoals:2 | Killed Polyphemus
 24567 | Shoals:3 | Noticed Nikola
 24572 | Shoals:3 | Slimified Nikola
 24572 | Shoals:3 | Nikola changed into Nikola the acid blob
 24572 | Shoals:3 | Noticed Nikola
 24832 | Shoals:3 | Reached skill level 10 in Conjurations
 24832 | Shoals:3 | Reached skill level 10 in Hexes
 24832 | Shoals:3 | Reached skill level 10 in Summonings
 24832 | Shoals:3 | Reached skill level 10 in Necromancy
 24832 | Shoals:3 | Reached skill level 10 in Translocations
 24832 | Shoals:3 | Reached skill level 10 in Transmutations
 24832 | Shoals:3 | Reached skill level 10 in Fire Magic
 24832 | Shoals:3 | Reached skill level 10 in Ice Magic
 24832 | Shoals:3 | Reached skill level 10 in Air Magic
 24832 | Shoals:3 | Reached skill level 10 in Earth Magic
 24832 | Shoals:3 | Reached skill level 10 in Poison Magic
 25030 | Shoals:3 | Reached skill level 14 in Invocations
 25488 | Shoals:4 | Entered Level 4 of the Shoals
 25488 | Shoals:4 | Found a stormy altar of Qazlal.
 25709 | Shoals:4 | Paralysed by an air elemental for 1 turns
 25730 | Shoals:4 | Lost mutation: You have razor-sharp toenails. [Jiyva's
                  | grace]
 25730 | Shoals:4 | Lost mutation: You are completely covered in iridescent
                  | scales. (AC +6) [Jiyva's grace]
 25730 | Shoals:4 | Lost mutation: Your system is resistant to poisons. (rPois)
                  | [Jiyva's grace]
 25730 | Shoals:4 | Lost mutation: Armour fits poorly on your massive
                  | pseudopods. [Jiyva's grace]
 25730 | Shoals:4 | Lost mutation: Armour fits poorly on your large pseudopods.
                  | [Jiyva's grace]
 25730 | Shoals:4 | Gained mutation: You are somewhat resistant to further
                  | mutation. [Jiyva's grace]
 25730 | Shoals:4 | Gained mutation: You are somewhat resistant to both further
                  | mutation and mutation removal. [Jiyva's grace]
 25730 | Shoals:4 | Gained mutation: You are almost entirely resistant to
                  | further mutation and mutation removal. [Jiyva's grace]
 25730 | Shoals:4 | Gained mutation: Armour fits poorly on your large
                  | pseudopods. [Jiyva's grace]
 25739 | Shoals:4 | Paralysed by an air elemental for 1 turns
 25744 | Shoals:4 | Paralysed by an air elemental for 1 turns
 25863 | Shoals:4 | Found a stormy altar of Qazlal.
 26034 | Shoals:4 | Paralysed by an air elemental for 1 turns
 26039 | Shoals:4 | Paralysed by an air elemental for 1 turns
 26125 | Shoals:4 | Paralysed by an air elemental for 1 turns
 26340 | Shoals:4 | Reached XP level 18. HP: 110/145 MP: 34/34
 26455 | Shoals:4 | Paralysed by an air elemental for 1 turns
 26689 | Shoals:4 | Noticed a titan
 26709 | Shoals:4 | Killed a titan
 26720 | Shoals:4 | Got a barnacled rune of Zot
 26731 | Shoals:4 | Reached skill level 15 in Invocations
 27127 | Vaults:1 | Entered Level 1 of the Vaults
 28511 | Vaults:2 | Reached skill level 16 in Invocations
 28624 | Vaults:2 | Reached XP level 19. HP: 143/153 MP: 36/36
 28680 | Vaults:2 | Found a crumbling gateway.
 28715 | Desolati | Entered the Desolation of Salt
 28839 | Desolati | Lost mutation: You are almost entirely resistant to further
                  | mutation and mutation removal. [Jiyva's grace]
 28839 | Desolati | Gained mutation: A frigid envelope surrounds you and
                  | freezes all who hurt you. [Jiyva's grace]
 28839 | Desolati | Gained mutation: Your rubbery body absorbs attacks. (AC +1,
                  | EV +1) [Jiyva's grace]
 28839 | Desolati | Gained mutation: Your pliable body absorbs attacks. (AC +2,
                  | EV +2) [Jiyva's grace]
 28839 | Desolati | Gained mutation: Your gelatinous body deflects attacks. (AC
                  | +3, EV +3) [Jiyva's grace]
 28888 | Desolati | Identified the +8 plate armour "Wuicim" {+Inv Fly rF+ rN+}
 28902 | Desolati | Identified the ring of Lyrae {rC+ rN++ Int-2}
 28917 | Desolati | Identified the +8 dagger of Etuny {flame, rN+ Str+4}
 29219 | Desolati | Got the Quarto of Roasted Contamination
 29224 | Desolati | Got the Guidebook on Calefaction and the Gift
 29243 | Desolati | Identified the ring "Riahiqubb" {Str+6 Int+6 SInv}
 29245 | Desolati | Got Zeekamuxuu's Papyrus of Abominable Acts
 29494 | Desolati | Identified the +0 plate armour of Wu Jian's Hope {Str-2
                  | Int+4}
 29497 | Desolati | Got Xaofel's Spellbook of the Dose
 29500 | Desolati | Identified the +0 pair of gloves "Sut Bic" {+Blink}
 29880 | Vaults:2 | Reached skill level 17 in Invocations
 30041 | Vaults:2 | Got Sif Muna's Incunable of Discontinuous Generation
 30394 | Vaults:2 | Found a staircase to the Crypt.
 30613 | Vaults:2 | Lost mutation: You are mostly covered in iridescent scales.
                  | (AC +4) [Jiyva's grace]
 30613 | Vaults:2 | Lost mutation: You are somewhat resistant to both further
                  | mutation and mutation removal. [Jiyva's grace]
 30613 | Vaults:2 | Lost mutation: Your gelatinous body deflects attacks. (AC
                  | +3, EV +3) [Jiyva's grace]
 30613 | Vaults:2 | Lost mutation: Armour fits poorly on your large pseudopods.
                  | [Jiyva's grace]
 30613 | Vaults:2 | Gained mutation: Your body has grown eyes which may confuse
                  | attackers. (Acc +3) [Jiyva's grace]
 30613 | Vaults:2 | Gained mutation: Your body has grown many eyes which may
                  | confuse attackers. (Acc +5) [Jiyva's grace]
 30613 | Vaults:2 | Gained mutation: Your body is covered in eyes which may
                  | confuse attackers. (Acc +7, SInv) [Jiyva's grace]
 30613 | Vaults:2 | Gained mutation: Your flesh is cold resistant. (rC+)
                  | [Jiyva's grace]
 30850 | Vaults:3 | Reached skill level 15 in Fighting
 30850 | Vaults:3 | Reached skill level 15 in Armour
 30850 | Vaults:3 | Reached skill level 15 in Shields
 30902 | Vaults:3 | Noticed Margery
 30904 | Vaults:3 | Slimified Margery
 30904 | Vaults:3 | Margery changed into Margery the azure jelly
 30904 | Vaults:3 | Noticed Margery
 31155 | Vaults:3 | Reached XP level 20. HP: 79/162 MP: 37/37
 31223 | Vaults:3 | Identified the +8 short sword of Freehold {speed, *Rage
                  | rElec MP+9 Dex+3}
 31644 | Vaults:3 | Lost mutation: You are partially covered in iridescent
                  | scales. (AC +2) [Jiyva's grace]
 31644 | Vaults:3 | Lost mutation: You are somewhat resistant to further
                  | mutation. [Jiyva's grace]
 31644 | Vaults:3 | Lost mutation: Your body is covered in eyes which may
                  | confuse attackers. (Acc +7, SInv) [Jiyva's grace]
 31644 | Vaults:3 | Lost mutation: Your body has grown many eyes which may
                  | confuse attackers. (Acc +5) [Jiyva's grace]
 31644 | Vaults:3 | Lost mutation: Your pliable body absorbs attacks. (AC +2,
                  | EV +2) [Jiyva's grace]
 31644 | Vaults:3 | Gained mutation: You are covered in slimy tendrils that may
                  | disarm your opponents. [Jiyva's grace]
 31644 | Vaults:3 | Gained mutation: You are robust. (+10% HP) [Jiyva's grace]
 31644 | Vaults:3 | Gained mutation: You are very robust. (+20% HP) [Jiyva's
                  | grace]
 31644 | Vaults:3 | Gained mutation: You are extremely robust. (+30% HP)
                  | [Jiyva's grace]
 31754 | Vaults:3 | Identified the +0 chain mail of the Hecatoncheires {rC- rN+
                  | Dex+3 SInv}
 32057 | Vaults:4 | Reached ****** piety under Jiyva
 32126 | Vaults:4 | Noticed Boris
 32139 | Vaults:4 | Killed Boris
 32336 | Vaults:4 | Noticed Mennas
 32356 | Vaults:4 | Killed Mennas
 32359 | Vaults:4 | Identified a scroll of acquirement
 32359 | Vaults:4 | Acquired the amulet of Nafivvuel {RegenMP Regen+ rCorr}
 32619 | Vaults:4 | Reached skill level 18 in Invocations
 33444 | Slime:1  | Entered Level 1 of the Pits of Slime
 33478 | Slime:5  | Entered Level 5 of the Pits of Slime
 33485 | Slime:5  | Noticed the Royal Jelly
 33488 | Slime:5  | Found a viscous altar of Jiyva.
 33531 | Slime:5  | Got Sif Muna's Grimoire of the Mob and Geometry
 33535 | Slime:5  | Learned a level 2 spell: Blink
 33539 | Slime:5  | Learned a level 3 spell: Vhi's Electric Charge
 33542 | Slime:5  | Identified the +7 pearl dragon scales "Gaisudi" {rN+ Str+4}
 33548 | Slime:5  | Found the +5 Lochaber axe {reach-cleave, Poleaxe Drain}
 33553 | Slime:5  | Identified the staff of Valiance {rC+ Dex+4 SInv Ice}
 33557 | Slime:5  | Got a slimy rune of Zot
 33565 | Slime:5  | Identified the +8 lajatang of Past Mistakes {flame,
                  | *Corrode rF+++ rN+++ Str-2}
 33582 | Slime:5  | Identified the staff "Lifebane" {rPois Str+2 Hexes Poison}
 33601 | Slime:5  | Identified the +5 halberd "Woposch" {pain, rPois}
 34796 | Elf:1    | Entered Level 1 of the Elven Halls
 34796 | Elf:1    | Lost mutation: Your flesh is cold resistant. (rC+) [Jiyva's
                  | grace]
 34796 | Elf:1    | Lost mutation: You are extremely robust. (+30% HP) [Jiyva's
                  | grace]
 34796 | Elf:1    | Lost mutation: Armour fits poorly on your pseudopods.
                  | [Jiyva's grace]
 34796 | Elf:1    | Gained mutation: You are somewhat resistant to further
                  | mutation. [Jiyva's grace]
 34796 | Elf:1    | Gained mutation: You are somewhat resistant to both further
                  | mutation and mutation removal. [Jiyva's grace]
 34796 | Elf:1    | Gained mutation: You are almost entirely resistant to
                  | further mutation and mutation removal. [Jiyva's grace]
 34796 | Elf:1    | Gained mutation: You have sharp fingernails. [Jiyva's
                  | grace]
 35821 | Elf:2    | Found Jiusoj's Distillery.
 35856 | Elf:2    | Bought a potion of lignification for 39 gold pieces
 35856 | Elf:2    | Bought a potion of heal wounds for 65 gold pieces
 35873 | Elf:2    | Reached skill level 15 in Axes
 35896 | Elf:2    | Found a runed translucent gate.
 35896 | Elf:2    | Found a runed translucent gate.
 35896 | Elf:2    | Found a runed translucent gate.
 35970 | Elf:2    | Reached XP level 21. HP: 202/202 MP: 39/39
 36172 | Elf:2    | Noticed Donald
 36209 | Elf:3    | Entered Level 3 of the Elven Halls
 36242 | Elf:3    | Found an ancient bone altar of Kikubaaqudgha.
 36244 | Elf:3    | Noticed Zenata
 36259 | Elf:3    | Killed Zenata
 36295 | Elf:3    | Lost mutation: You have sharp fingernails. [Jiyva's grace]
 36295 | Elf:3    | Gained mutation: You have acidic saliva. [Jiyva's grace]
 36295 | Elf:3    | Gained mutation: Your melee attacks may engulf your foes in
                  | ooze. [Jiyva's grace]
 36295 | Elf:3    | Gained mutation: Your flesh is cold resistant. (rC+)
                  | [Jiyva's grace]
 36295 | Elf:3    | Gained mutation: Your flesh is very cold resistant. (rC++)
                  | [Jiyva's grace]
 36885 | Elf:3    | Identified the ring of Ziludd {Ice rElec Will+ Str-2 Dex+4}
 36911 | Elf:3    | Identified the ring "Veikaf" {rN+ SInv}
 37154 | Elf:3    | Reached skill level 19 in Invocations
 37282 | Elf:3    | Identified the +3 short sword "Tuimnem" {freeze, Will++}
 37306 | Elf:3    | Got the Precepts of Mutagenic Frost
 37310 | Elf:3    | Identified the ring "Otihodal" {rC- Will+ rCorr SInv}
 37311 | Elf:3    | Identified the ring of the Raven {Drain rPois rCorr Slay+3
                  | SInv}
 37318 | Elf:3    | Found the +2 pair of slick slippers {slick, slippery, EV+4}
 37326 | Elf:3    | Identified the +5 sling "Peoxzuq" {flame, Will+ Int+2 SInv}
 37922 | Spider:1 | Gained mutation: You possess an exceptional clarity of
                  | mind. [Jiyva's grace]
 37922 | Spider:1 | Gained mutation: Your muscles are strong. (Str +4, Int/Dex
                  | -1) [Jiyva's grace]
 37922 | Spider:1 | Gained mutation: Your muscles are very strong. (Str +8,
                  | Int/Dex -2) [Jiyva's grace]
 37922 | Spider:1 | Gained mutation: Armour fits poorly on your pseudopods.
                  | [Jiyva's grace]
 37938 | Spider:1 | Paralysed by a hornet for 2 turns
 38235 | Spider:1 | Identified the ring "Ytamn" {rPois rC+ rN+++ SInv Stlth-}
 39057 | Spider:3 | Noticed Roxanne
 39238 | Spider:3 | Reached skill level 15 in Short Blades
 39238 | Spider:3 | Reached skill level 15 in Long Blades
 39238 | Spider:3 | Reached skill level 15 in Maces & Flails
 39238 | Spider:3 | Reached skill level 15 in Polearms
 39238 | Spider:3 | Reached skill level 15 in Staves
 39238 | Spider:3 | Reached skill level 15 in Ranged Weapons
 39238 | Spider:3 | Reached skill level 15 in Throwing
 39238 | Spider:3 | Reached skill level 15 in Dodging
 39238 | Spider:3 | Reached skill level 15 in Stealth
 39238 | Spider:3 | Reached skill level 15 in Unarmed Combat
 39238 | Spider:3 | Reached skill level 15 in Spellcasting
 39238 | Spider:3 | Reached skill level 15 in Evocations
 39438 | Spider:3 | Noticed Arachne
 39451 | Spider:3 | Killed Arachne
 39550 | Spider:3 | Lost mutation: Your flesh is very cold resistant. (rC++)
                  | [Jiyva's grace]
 39550 | Spider:3 | Lost mutation: Your flesh is cold resistant. (rC+) [Jiyva's
                  | grace]
 39550 | Spider:3 | Lost mutation: Your muscles are very strong. (Str +8,
                  | Int/Dex -2) [Jiyva's grace]
 39550 | Spider:3 | Gained mutation: Your body has grown many eyes which may
                  | confuse attackers. (Acc +5) [Jiyva's grace]
 39550 | Spider:3 | Gained mutation: Your body is covered in eyes which may
                  | confuse attackers. (Acc +7, SInv) [Jiyva's grace]
 39550 | Spider:3 | Gained mutation: You have a small jelly attached to you
                  | that may absorb projectiles. [Jiyva's grace]
 39550 | Spider:3 | Gained mutation: You have a somewhat thin skeletal
                  | structure. (Dex +2, Stealth+) [Jiyva's grace]
 39654 | Spider:4 | Entered Level 4 of the Spider Nest
 39669 | Spider:4 | Reached XP level 22. HP: 205/213 MP: 35/41
 39794 | Spider:4 | Noticed Mara
 39804 | Spider:4 | Noticed Wizard1ke's illusion
 39865 | Spider:4 | Killed Mara
 40018 | Spider:4 | Learned a level 4 spell: Manifold Assault
 40022 | Spider:4 | Learned a level 3 spell: Portal Projectile
 40028 | Spider:4 | Learned a level 5 spell: Borgnjor's Vile Clutch
 40035 | Spider:4 | Learned a level 6 spell: Dispersal
 40345 | Spider:4 | Reached skill level 20 in Invocations
 40408 | Spider:4 | Got a gossamer rune of Zot
 40751 | Depths:1 | Entered Level 1 of the Depths
 41054 | Depths:1 | Found a gateway to Hell.
 41142 | Depths:1 | Paralysed by a vampire knight for 3 turns
 41271 | Depths:1 | Lost mutation: Your body is covered in eyes which may
                  | confuse attackers. (Acc +7, SInv) [Jiyva's grace]
 41271 | Depths:1 | Lost mutation: Your body has grown many eyes which may
                  | confuse attackers. (Acc +5) [Jiyva's grace]
 41271 | Depths:1 | Lost mutation: You are covered in slimy tendrils that may
                  | disarm your opponents. [Jiyva's grace]
 41271 | Depths:1 | Gained mutation: Your flesh is cold resistant. (rC+)
                  | [Jiyva's grace]
 41271 | Depths:1 | Gained mutation: Your flesh is very cold resistant. (rC++)
                  | [Jiyva's grace]
 41271 | Depths:1 | Gained mutation: Your flesh is almost immune to the effects
                  | of cold. (rC+++) [Jiyva's grace]
 41271 | Depths:1 | Gained mutation: You passively map a small area around you.
                  | [Jiyva's grace]
 41327 | Depths:1 | Found a shimmering altar of Xom.
 42259 | Depths:2 | Found a one-way gate leading to the halls of Pandemonium.
 42478 | Orc:2    | Bought a manual of Evocations for 1040 gold pieces
 42531 | Orc:2    | Bought a +1 helmet for 149 gold pieces
 42859 | Depths:2 | Reached XP level 23. HP: 167/223 MP: 42/42
 43128 | Depths:2 | Noticed a golden dragon
 43135 | Depths:2 | Killed a golden dragon
 43368 | Depths:3 | Found a runed translucent door.
 43413 | Depths:3 | Noticed a caustic shrike
 43423 | Depths:3 | Killed a caustic shrike
 43491 | Depths:3 | Reached skill level 21 in Invocations
 43583 | Depths:3 | Found an opulent altar of Gozag.
 43810 | Depths:3 | Got the Notes on Coordinates and Concussion
 43813 | Depths:3 | Learned a level 1 spell: Apportation
 44340 | Depths:3 | Noticed a caustic shrike
 44350 | Depths:3 | Killed a caustic shrike
 44428 | Depths:3 | Noticed a golden dragon
 44439 | Depths:3 | Killed a golden dragon
 44473 | Depths:3 | Identified the orb of Disguise {*channel, *Corrode +Blink
                  | rF++ SInv}
 44473 | Depths:3 | Identified the +4 halberd of Sloth {pain, rF+}
 44732 | Depths:3 | Lost mutation: You have sharp toenails. [Jiyva's grace]
 44732 | Depths:3 | Lost mutation: You are almost entirely resistant to further
                  | mutation and mutation removal. [Jiyva's grace]
 44732 | Depths:3 | Lost mutation: A frigid envelope surrounds you and freezes
                  | all who hurt you. [Jiyva's grace]
 44732 | Depths:3 | Lost mutation: You are very robust. (+20% HP) [Jiyva's
                  | grace]
 44732 | Depths:3 | Lost mutation: You are robust. (+10% HP) [Jiyva's grace]
 44732 | Depths:3 | Lost mutation: Your muscles are strong. (Str +4, Int/Dex
                  | -1) [Jiyva's grace]
 44732 | Depths:3 | Lost mutation: Your rubbery body absorbs attacks. (AC +1,
                  | EV +1) [Jiyva's grace]
 44732 | Depths:3 | Lost mutation: Armour fits poorly on your pseudopods.
                  | [Jiyva's grace]
 44732 | Depths:3 | Gained mutation: Your muscles are strong. (Str +4, Int/Dex
                  | -1) [Jiyva's grace]
 44732 | Depths:3 | Gained mutation: Your muscles are very strong. (Str +8,
                  | Int/Dex -2) [Jiyva's grace]
 44732 | Depths:3 | Gained mutation: Your flesh is heat resistant. (rF+)
                  | [Jiyva's grace]
 44732 | Depths:3 | Gained mutation: Your flesh is very heat resistant. (rF++)
                  | [Jiyva's grace]
 44835 | Depths:3 | Found a shimmering blue altar of Sif Muna.
 44852 | Depths:3 | Reached skill level 15 in Shapeshifting
 44871 | Depths:3 | Found a shimmering altar of Xom.
 44871 | Depths:3 | Found a blossoming altar of Fedhas.
 44871 | Depths:3 | Found a bloodstained altar of Trog.
 44900 | Depths:3 | Found a one-way gate to the infinite horrors of the Abyss.
 44917 | Depths:3 | Identified the +8 great sword "Beumaar" {freeze, rCorr
                  | Str+6 Int+3}
 44925 | Depths:3 | Noticed a juggernaut
 44933 | Depths:3 | Killed a juggernaut
 45085 | Depths:3 | Reached XP level 24. HP: 191/195 MP: 43/43
 45167 | Depths:4 | Entered Level 4 of the Depths
 45171 | Depths:4 | Noticed a caustic shrike
 45392 | Depths:4 | Reached skill level 22 in Invocations
 45516 | Depths:4 | Found a gate to the Realm of Zot.
 45531 | Depths:4 | Noticed a juggernaut
 45541 | Depths:4 | Killed a juggernaut
 46026 | Depths:4 | Found a one-way gateway to a ziggurat.
 46255 | Zot:1    | Entered Level 1 of the Realm of Zot
 46798 | Zot:1    | Identified the +3 short sword "Higgon" {venom, Will+}
 47036 | Zot:1    | Lost mutation: You are somewhat resistant to both further
                  | mutation and mutation removal. [Jiyva's grace]
 47036 | Zot:1    | Lost mutation: Your muscles are very strong. (Str +8,
                  | Int/Dex -2) [Jiyva's grace]
 47036 | Zot:1    | Lost mutation: You have acidic saliva. [Jiyva's grace]
 47036 | Zot:1    | Gained mutation: You are agile. (Dex +4, Str/Int -1)
                  | [Jiyva's grace]
 47036 | Zot:1    | Gained mutation: You are very agile. (Dex +8, Str/Int -2)
                  | [Jiyva's grace]
 47036 | Zot:1    | Gained mutation: Your flesh is almost immune to the effects
                  | of heat. (rF+++) [Jiyva's grace]
 47036 | Zot:1    | Gained mutation: Your translucent skin slightly reduces
                  | your foes' accuracy. (Stealth+) [Jiyva's grace]
 47293 | Zot:2    | Found a transporter.
 47295 | Zot:2    | Found a transporter.
 47299 | Zot:2    | Noticed Nacytt's ghost (legendary MiFi)
 47300 | Zot:2    | Found a bloodstained altar of Trog.
 47300 | Zot:2    | Found the +8 autumn katana {manifold assault}
 47308 | Zot:2    | Identified the +1 cloak of Brilliance {rF+ Dex+6}
 47322 | Zot:2    | Identified the +0 cloak "Xeniack" {rPois}
 47397 | Zot:2    | Noticed a curse toe
 47415 | Zot:2    | Killed a curse toe
 47452 | Zot:2    | Reached XP level 25. HP: 117/204 MP: 43/44
 47623 | Zot:2    | Found Lamiu's Changing Room.
 47632 | Zot:2    | Bought a potion of mutation for 128 gold pieces
 47632 | Zot:2    | Bought a potion of mutation for 128 gold pieces
 48250 | Zot:3    | Noticed an orb of fire
 48253 | Zot:3    | Gained mutation: Armour fits poorly on your strangely
                  | shaped body. [an orb of fire]
 48273 | Zot:3    | Killed an orb of fire
 48274 | Zot:3    | Reached skill level 23 in Invocations
 48389 | Zot:3    | Lost mutation: Your flesh is almost immune to the effects
                  | of cold. (rC+++) [Jiyva's grace]
 48389 | Zot:3    | Lost mutation: Armour fits poorly on your strangely shaped
                  | body. [Jiyva's grace]
 48389 | Zot:3    | Lost mutation: You passively map a small area around you.
                  | [Jiyva's grace]
 48389 | Zot:3    | Gained mutation: You have acidic saliva. [Jiyva's grace]
 48389 | Zot:3    | Gained mutation: Your system is resistant to poisons.
                  | (rPois) [Jiyva's grace]
 48389 | Zot:3    | Gained mutation: Your mind is acute. (Int +4, Str/Dex -1)
                  | [Jiyva's grace]
 48389 | Zot:3    | Gained mutation: Your mind is very acute. (Int +8, Str/Dex
                  | -2) [Jiyva's grace]
 49490 | Zot:4    | Gained mutation: Your body sometimes deteriorates upon
                  | taking damage. [mutagenic glow]
 50235 | Zot:5    | Entered Level 5 of the Realm of Zot
 50243 | Zot:5    | Lost mutation: Your body sometimes deteriorates upon taking
                  | damage. [Jiyva's grace]
 50243 | Zot:5    | Lost mutation: Your flesh is almost immune to the effects
                  | of heat. (rF+++) [Jiyva's grace]
 50243 | Zot:5    | Lost mutation: You are somewhat resistant to further
                  | mutation. [Jiyva's grace]
 50243 | Zot:5    | Lost mutation: Your system is resistant to poisons. (rPois)
                  | [Jiyva's grace]
 50243 | Zot:5    | Lost mutation: Your body has grown eyes which may confuse
                  | attackers. (Acc +3) [Jiyva's grace]
 50243 | Zot:5    | Lost mutation: You have a small jelly attached to you that
                  | may absorb projectiles. [Jiyva's grace]
 50243 | Zot:5    | Lost mutation: Your melee attacks may engulf your foes in
                  | ooze. [Jiyva's grace]
 50243 | Zot:5    | Gained mutation: Your body has grown eyes which may confuse
                  | attackers. (Acc +3) [Jiyva's grace]
 50243 | Zot:5    | Gained mutation: Your body has grown many eyes which may
                  | confuse attackers. (Acc +5) [Jiyva's grace]
 50243 | Zot:5    | Gained mutation: Your body is covered in eyes which may
                  | confuse attackers. (Acc +7, SInv) [Jiyva's grace]
 50243 | Zot:5    | Gained mutation: Your muscles are very strong. (Str +8,
                  | Int/Dex -2) [Jiyva's grace]
 50517 | Zot:5    | Reached skill level 15 in Conjurations
 50517 | Zot:5    | Reached skill level 15 in Hexes
 50517 | Zot:5    | Reached skill level 15 in Summonings
 50517 | Zot:5    | Reached skill level 15 in Necromancy
 50517 | Zot:5    | Reached skill level 15 in Translocations
 50517 | Zot:5    | Reached skill level 15 in Transmutations
 50517 | Zot:5    | Reached skill level 15 in Fire Magic
 50517 | Zot:5    | Reached skill level 15 in Ice Magic
 50517 | Zot:5    | Reached skill level 15 in Air Magic
 50517 | Zot:5    | Reached skill level 15 in Earth Magic
 50517 | Zot:5    | Reached skill level 15 in Poison Magic
 50729 | Zot:5    | Noticed an orb of fire
 50733 | Zot:5    | Noticed a dread lich
 50736 | Zot:5    | Reached XP level 26. HP: 202/213 MP: 44/44
 50738 | Zot:5    | Noticed a Killer Klown
 50744 | Zot:5    | Killed an orb of fire
 50773 | Zot:4    | Killed a dread lich
 50826 | Zot:5    | Noticed an ancient lich
 50841 | Zot:5    | Killed an ancient lich
 50842 | Zot:5    | Reached skill level 24 in Invocations
 50875 | Zot:5    | Killed a Killer Klown
 50875 | Zot:5    | Noticed an orb of fire
 50889 | Zot:5    | Killed an orb of fire
 50899 | Zot:5    | Noticed a dread lich
 50905 | Zot:5    | Paralysed by a dread lich for 2 turns
 50912 | Zot:5    | Killed a dread lich
 50984 | Zot:5    | Noticed a Killer Klown
 51010 | Zot:5    | Noticed a Killer Klown
 51033 | Zot:5    | Noticed a Killer Klown
 51040 | Zot:5    | Killed a Killer Klown
 51064 | Zot:5    | Killed a Killer Klown
 51114 | Zot:5    | Noticed an orb of fire
 51134 | Zot:5    | Gained mutation: You have hidden genetic defects. [an orb
                  | of fire]
 51143 | Zot:5    | Lost mutation: You are very agile. (Dex +8, Str/Int -2) [an
                  | orb of fire]
 51170 | Zot:5    | Killed an orb of fire
 51386 | Zot:5    | Got the Orb of Zot
 51614 | Depths:4 | Lost mutation: Your muscles are very strong. (Str +8,
                  | Int/Dex -2) [hidden defects]
 51806 | D:8      | Noticed Qiud the pandemonium lord
 52013 | D:$      | Escaped with the Orb!

Illustrated notes

Levels and vault maps discovered:
D:1:      eino_arrival_cavern_d, layout_basic, chequers_jeans
D:2:      layout_rooms
D:3:      layout_basic, minmay_goblin_kobold_house
D:4:      layout_basic, amcnicky_mini_corridor_feature
D:5:      layout_cave_pools, gup_sewer_entry_pipe,
          nicolae_ossuary_entry_monument, uniq_blork_the_orc, uniq_ijyb,
          uniq_pikel
D:6:      layout_loops_corners, mainiacjoe_overflow_two_lobes,
          minmay_temple_entry_stoned_glass, uniq_jeremiah
D:7:      layout_layer_cave
D:8:      layout_loops_corners, serial_bayou_pond_a, lightli_minifort,
          uniq_psyche
D:9:      layout_layer_cave, kennysheep_mini_moat, dpeg_oklobed_lair,
          uniq_prince_ribbit1, uniq_erolcha
D:10:     layout_loops_ring, nicolae_overflow_crystal_walls, grunt_livestock
D:11:     layout_irregular_city, david_orc_3, uniq_snorg
D:12:     layout_gridville
D:13:     layout_cave_pools
D:14:     layout_basic, grunt_vaults_entry_tiered, kiku_gazebo_garden_becter,
          uniq_azrael
D:15:     hangedman_depths_entry_civil_slaughter, layout_grid_maze,
          hangedman_decor_clover_reticule, serial_shops, statue_bzr,
          enter_trove_2
Temple:   nicolae_temple_no_exploring_needed
Lair:1:   layout_misc_corridors
Lair:2:   nzn_winding_woodlands_three_and_one
          [nzn_winding_woodlands_5x15_split_checker,
          nzn_winding_woodlands_5x15_eye, nzn_winding_woodlands_5x15_pool,
          nzn_winding_woodlands_center_lodge], layout_chaotic_city,
          elwin_shoals_entry_rooms, nicolae_spider_entry_non_spiders,
          nicolae_quartered_pool_super, st_stairs_8, uniq_sonja, uniq_gastronok
Lair:3:   layout_small_grid, grunt_megastairs_3, lemuel_fruit_fields,
          infiniplex_staircase_pool, uniq_amaemon
Lair:4:   layout_cave_shapes, nicolae_volcano_entry_batcave,
          serial_bayou_crossing, grunt_megastairs_2
Lair:5:   minmay_lair_end_frog_pond, layout_big_grid, dpeg_slime_entry_enclosed,
          uniq_urug
Shoals:1: layout_shoals, nicolae_shoals_gull_way
Shoals:2: layout_shoals, nicolae_shoals_land_atoll, uniq_polyphemus
Shoals:3: layout_shoals, uniq_nikola
Shoals:4: shoals_end_hellmonk_storm_palace [storm_palace_center_ruins,
          storm_palace_corner_narrow, storm_palace_corner_altar,
          storm_palace_corner_altar, storm_palace_corner_narrow]
Spider:1: layout_spider_delve, dreamdust_wasp_nest
Spider:2: layout_spider_delve, nicolae_spider_some_kinda_spiderbox
Spider:3: layout_spider_delve, nicolae_spider_eight_legs, uniq_arachne,
          uniq_roxanne
Spider:4: grunt_spider_rune_parallel, nicolae_spider_webs_and_nodes, uniq_mara
Slime:1:  nicolae_slime_infinislime, layout_caves
Slime:2:  layout_caves
Slime:3:  layout_caves
Slime:4:  layout_caves, cheibrodos_slime_lost_civilization_7
Slime:5:  slime_pit_nicolae_block_by_block
Orc:1:    layout_caves, portal_ice_cave_entry_imps
Orc:2:    grunt_orc_community_town_hall, layout_diamond_mine,
          grunt_orc_community_big_house_1, grunt_orc_community_big_house_2,
          grunt_orc_community_house_2, grunt_orc_community_house_3,
          grunt_orc_community_house_3, grunt_orc_community_house_1,
          abandoned_shop, nicolae_shop_vocational
Elf:1:    minmay_elf_arrival_circle, layout_gridlike, serial_sigils,
          serial_sigils_hangedman_scar, serial_sigils_hangedman_shear,
          serial_sigils_hangedman_stare, serial_sigils_hangedman_snap,
          serial_sigils_hangedman_quiver
Elf:2:    nicolae_elf_blades_crystal_corner, layout_geoelf_octagon,
          serial_shops, nicolae_shop_tiny_waterfront, uniq_donald
Elf:3:    elf_hall, layout_geoelf_castle, basic_altar, uniq_zenata
Vaults:1: nicolae_vaults_diamond_1, nicolae_vaults_hallways_thing,
          hangedman_vaults_impose, hangedman_vaults_locks,
          hangedman_vaults_stream, nicolae_vaults_closet_pinwheel_1,
          vaults_room_ringed_pool, vaults_mumra_hexcomb,
          nicolae_vaults_tangram_2, v_rooms_4, nicolae_vaults_network_periphery,
          nicolae_vaults_double_plus_3, nicolae_vaults_asterisk,
          ontoclasm_vaults_fault, nicolae_vaults_tetromino_Z_2,
          layout_vaults_omnicross
Vaults:2: portal_desolation_entry_twin_temple, v_misc_3, v_pattern_3,
          vaults_room_pools, vaults_mumra_lcd, nicolae_vaults_alarming,
          nicolae_vaults_wine_cellar, nicolae_vaults_mini_display_case,
          nicolae_vaults_three_branches, nicolae_vaults_gold_heap,
          nicolae_vaults_house_2, layout_vaults_omnigrid
Vaults:3: v_pattern_2, v_misc_8, nicolae_vaults_tetromino_L_1,
          grunt_vaults_bifocal, nicolae_vaults_little_squares_2,
          hangedman_vaults_snaps, nicolae_vaults_closet_pinwheel_4,
          nicolae_vaults_tetromino_L_1, layout_vaults_chaotic_city, uniq_margery
Vaults:4: st_more_cells, vaults_room_grid, nicolae_vaults_doubleplus_tesselated,
          nicolae_vaults_tangram_1, v_rooms_5, nicolae_vaults_oval_intersection,
          vaults_room_door_ring, ontoclasm_vaults_ring_large,
          nicolae_vaults_little_squares_3, dpeg_vaults_monster_box,
          grunt_vaults_funnel, nicolae_vaults_six-pack, hangedman_vaults_nails,
          layout_vaults_ring, uniq_mennas, uniq_boris
Depths:1: layout_gridlike, minmay_misc_feat_rugged, grunt_mini_vestibule,
          xom_confusion_cloud, serial_bayou_shore_b
Depths:2: minmay_tri_box, layout_gridlike, hell_entry, rand_demon_pan_entry_5,
          serial_bayou_shore_a
Depths:3: minmay_the_grid_ultimate [minmay_the_grid_prize_shrinking_boxes,
          minmay_the_grid_prize_inner_circle, minmay_the_grid_prize_diamond_cup,
          minmay_the_grid_prize_big_room, minmay_the_grid_square_5x5_shrine1,
          minmay_the_grid_square_5x5_corner,
          minmay_the_grid_square_5x5_checkered,
          minmay_the_grid_square_5x5_detours,
          minmay_the_grid_square_5x5_broken_cross,
          minmay_the_grid_square_5x5_two_walls_a,
          minmay_the_grid_square_5x5_three, minmay_the_grid_square_5x5_v,
          minmay_the_grid_square_5x5_tetrominoes,
          minmay_the_grid_square_5x5_checkered_sparse,
          minmay_the_grid_square_5x5_inner_z,
          minmay_the_grid_square_5x5_eight_small,
          minmay_the_grid_square_5x5_forky,
          minmay_the_grid_square_5x5_pentomino_r,
          minmay_the_grid_square_5x5_inner_v,
          minmay_the_grid_triangle_9x9_negative_grid,
          minmay_the_grid_triangle_9x9_windchime,
          minmay_the_grid_triangle_9x9_sprig,
          minmay_the_grid_triangle_9x9_descending_squares,
          minmay_the_grid_triangle_9x9_shrine,
          minmay_the_grid_triangle_9x9_dagger,
          minmay_the_grid_triangle_9x9_sparse_checkered,
          minmay_the_grid_triangle_9x9_corrupted_corridor,
          minmay_the_grid_triangle_9x9_subtriangle,
          minmay_the_grid_triangle_9x9_skeleton,
          minmay_the_grid_triangle_9x9_cache,
          minmay_the_grid_triangle_9x9_thin_v,
          minmay_the_grid_triangle_9x9_stretched_checkered,
          minmay_the_grid_triangle_9x9_steps,
          minmay_the_grid_triangle_9x9_checkered,
          minmay_the_grid_triangle_9x9_impossible_snake,
          minmay_the_grid_square_5x5_eight, minmay_the_grid_octo_checkerflower,
          minmay_the_grid_octo_teeth, minmay_the_grid_octo_clover_2,
          minmay_the_grid_octo_shrine, minmay_the_grid_octo_fan_narrow,
          minmay_the_grid_octo_vomiting_pacman, minmay_the_grid_octo_pinwheel,
          minmay_the_grid_octo_focus, minmay_the_grid_fan,
          minmay_the_grid_eight, minmay_the_grid_tri_star,
          minmay_the_grid_spikes], hell_entry, abyss_entry
Depths:4: grunt_x_marks_the_spot, layout_honeycomb, enter_ziggurat_a,
          hell_entry, grunt_pan_entry_zigzag
Zot:1:    layout_cellular_growth, hangedman_zot_decor_unnerving_road,
          st_stairs_13, grunt_ministairs_1, st_small_dragon_hoard_5,
          hangedman_zot_decor_checkerboard
Zot:2:    layout_cathedral_of_symmetry, gammafunk_ghost_wrathful_warriors,
          nicolae_transmutations_shop
Zot:3:    layout_twisted_circle
Zot:4:    lemuel_acid_trip, layout_concentric_octagons
Zot:5:    layout_cathedral_of_symmetry

Skill      XL: |  1  2  3  4  5  6  7  8  9 10 11 12 13 14 15 16 17 18 19 20 21 22 23 24 25 26 |
---------------+-------------------------------------------------------------------------------+-----
Invocations    | 1 2 3 4 5 6 7 8 9 10 11 13 14 16 17 18 19 20 21 22 23 24 | 24.5
Short Blades   | 1 2 3 4 6 7 8 9 10 11 12 13 14 15 16 17 18 | 18.1
Long Blades    | 1 2 3 4 6 7 8 9 10 11 12 13 14 15 16 17 18 | 18.1
Maces & Flails | 1 2 3 4 6 7 8 9 10 11 12 13 14 15 16 17 18 | 18.1
Polearms       | 1 2 3 4 6 7 8 9 10 11 12 13 14 15 16 17 18 | 18.1
Staves         | 1 2 3 4 6 7 8 9 10 11 12 13 14 15 16 17 18 | 18.1
Ranged Weapons | 1 2 3 4 6 7 8 9 10 11 12 13 14 15 16 17 18 | 18.1
Throwing       | 1 2 3 4 6 7 8 9 10 11 12 13 14 15 16 18 19 20 | 20.1
Dodging        | 1 2 3 4 6 7 8 9 10 11 12 13 14 15 16 17 18 | 18.1
Stealth        | 1 2 3 4 6 7 8 9 10 11 12 13 14 15 16 17 18 | 18.1
Unarmed Combat | 1 2 3 4 6 7 8 9 10 11 12 13 14 15 16 17 18 | 18.1
Spellcasting   | 1 2 3 4 6 7 8 9 10 11 12 13 14 15 16 17 18 | 18.1
Evocations     | 1 2 3 4 6 7 8 9 10 11 12 13 14 15 16 18 19 20 | 20.1
Shapeshifting  | 1 2 3 4 5 6 7 8 9 10 11 12 13 14 15 16 | 16.7
Conjurations   | 1 2 3 4 5 6 7 8 9 10 11 12 13 14 15 | 15.4
Hexes          | 1 2 3 4 5 6 7 8 9 10 11 12 13 14 15 | 15.4
Summonings     | 1 2 3 4 5 6 7 8 9 10 11 12 13 14 15 | 15.4
Necromancy     | 1 2 3 4 5 6 7 8 9 10 11 12 13 14 15 | 15.4
Translocations | 1 2 3 4 5 6 7 8 9 10 11 12 13 14 15 | 15.4
Transmutations | 1 2 3 4 5 6 7 8 9 10 11 12 13 14 15 | 15.4
Fire Magic     | 1 2 3 4 5 6 7 8 9 10 11 12 13 14 15 | 15.4
Ice Magic      | 1 2 3 4 5 6 7 8 9 10 11 12 13 14 15 | 15.4
Air Magic      | 1 2 3 4 5 6 7 8 9 10 11 12 13 14 15 | 15.4
Earth Magic    | 1 2 3 4 5 6 7 8 9 10 11 12 13 14 15 | 15.4
Poison Magic   | 1 2 3 4 5 6 7 8 9 10 11 12 13 14 15 | 15.4
Axes           | 5 6 7 8 9 10 11 12 13 14 15 16 17 18 | 18.6
Fighting       | 7 8 9 10 11 12 13 14 15 16 17 18 19 | 19.1
Armour         | 7 8 9 10 11 12 13 14 15 16 17 18 19 | 19.1
Shields        | 7 8 9 10 11 12 13 14 15 16 17 18 19 | 19.1

Action                     |  1- 3 |  4- 6 |  7- 9 | 10-12 | 13-15 | 16-18 | 19-21 | 22-24 | 25-27 || total
---------------------------+-------+-------+-------+-------+-------+-------+-------+-------+-------++-------
  Melee: Dagger            |    71 |   151 |       |       |       |       |       |       |       ||   222
         War axe           |     7 |       |       |       |       |       |       |       |       ||     7
         Bite              |     8 |    16 |    20 |    46 |   141 |   256 |   248 |   302 |   137 ||  1174
         Lajatang          |       |    40 |   249 |   376 |  1027 |    26 |       |       |       ||  1718
         Battleaxe         |       |       |       |       |     2 |       |       |       |       ||     2
         Kick              |       |       |       |       |    66 |   541 |       |       |       ||   607
         Mace              |       |       |       |       |    30 |       |       |       |       ||    30
         Punch             |       |       |       |       |     7 |       |       |       |       ||     7
         Demon whip        |       |       |       |       |       |  1576 |  1536 |  1491 |   916 ||  5519
         Pseudopods        |       |       |       |       |       |   421 |   284 |   274 |       ||   979
   Cast: Vhi's Electric Ch |       |       |       |       |       |       |    42 |    21 |    14 ||    77
         Manifold Assault  |       |       |       |       |       |       |       |    40 |   156 ||   196
         Blink             |       |       |       |       |       |       |       |       |     1 ||     1
         Dispersal         |       |       |       |       |       |       |       |       |     1 ||     1
 Invoke: Divine Shield     |       |       |       |     4 |     4 |       |       |       |       ||     8
         Cleansing Flame   |       |       |       |       |     5 |       |       |       |       ||     5
         Oozemancy         |       |       |       |       |     4 |     7 |     7 |     3 |     4 ||    25
         Slimify           |       |       |       |       |       |     3 |     4 |     2 |       ||     9
  Evoke: Wand              |       |       |       |     8 |     8 |     8 |     6 |     5 |     4 ||    39
         Condenser vane    |       |       |       |       |       |     2 |     2 |     1 |       ||     5
         Phial of floods   |       |       |       |       |       |       |     1 |       |       ||     1
    Use: Potion            |       |     1 |     1 |     1 |     4 |     9 |       |     1 |     5 ||    22
         Scroll            |       |       |       |     1 |     8 |    24 |    17 |     4 |     3 ||    57
   Stab: Distracted        |       |       |       |       |     1 |     2 |     2 |     3 |     2 ||    10
         Sleeping          |       |       |       |       |       |     2 |     5 |     2 |     2 ||    11
         Confused          |       |       |       |       |       |       |    13 |    30 |    12 ||    55
 Armour: Scale mail        |    37 |       |       |       |       |       |       |       |       ||    37
         Chain mail        |       |    80 |    75 |    75 |   554 |       |       |       |       ||   784
         Plate armour      |       |       |   100 |   140 |    58 |   678 |   668 |   537 |   266 ||  2447
         Skin              |       |       |       |       |       |       |       |     4 |     4 ||     8
  Dodge: Dodged            |    29 |    65 |   109 |   191 |   645 |   487 |   580 |   543 |   317 ||  2966
  Block: Buckler           |    21 |    35 |       |       |       |       |       |       |       ||    56
         Other             |       |       |       |    18 |    65 |       |       |       |       ||    83
         Tower shield      |       |       |       |       |       |  1325 |  1366 |  1225 |   602 ||  4518

Table legend: (Time is in decaauts)
 A = Elapsed time spent in this place.
 B = Non-inter-level travel time spent in this place.
 C = Inter-level travel time spent in this place.
 D = Time resting spent in this place.
 E = Time spent auto-exploring this place.
 F = Levels seen in this place.
 G = Mean time per level.
                   A        B        C        D        E       F      G
               +--------+--------+--------+--------+--------+-----+--------+
         Total |  51382 |  46644 |   4738 |   2371 |  28604 |  58 |  885.9 |
       Dungeon |  15498 |  13630 |   1868 |    872 |   9678 |  15 | 1033.2 |
        Temple |     15 |     15 |      0 |      0 |      0 |   1 |   15.0 |
          Lair |   5760 |   4825 |    935 |    384 |   2688 |   5 | 1152.0 |
        Shoals |   4096 |   3934 |    162 |    245 |   2045 |   4 | 1024.0 |
   Spider Nest |   2899 |   2591 |    308 |     39 |   1599 |   4 |  724.8 |
    Slime Pits |   1062 |    985 |     77 |      0 |    828 |   5 |  212.4 |
  Orcish Mines |   1712 |   1194 |    518 |      0 |    653 |   2 |  856.0 |
   Elven Halls |   2602 |   2424 |    178 |     26 |   1560 |   3 |  867.3 |
        Vaults |   4952 |   4774 |    178 |    141 |   3155 |   4 | 1238.0 |
        Depths |   5099 |   4849 |    250 |     64 |   3039 |   4 | 1274.8 |
           Zot |   5110 |   4849 |    261 |    380 |   2703 |   5 | 1022.0 |
         Abyss |    265 |    265 |      0 |     34 |      2 |   2 |  132.5 |
         Sewer |    703 |    703 |      0 |     43 |    352 |   1 |  703.0 |
      Ice Cave |    309 |    309 |      0 |      9 |     69 |   1 |  309.0 |
       Volcano |    312 |    312 |      0 |     40 |     48 |   1 |  312.0 |
    Desolation |    983 |    983 |      0 |     92 |    183 |   1 |  983.0 |
               +--------+--------+--------+--------+--------+-----+--------+

Top non-repeatable levels by time:
     D:9: 1887 daAuts
Depths:3: 1766 daAuts
  Lair:2: 1529 daAuts
     D:4: 1405 daAuts
Vaults:2: 1318 daAuts
    D:15: 1302 daAuts
     D:7: 1298 daAuts
    D:14: 1291 daAuts
Vaults:1: 1256 daAuts
Shoals:4: 1245 daAuts
Vaults:4: 1206 daAuts
  Lair:3: 1204 daAuts
   Orc:2: 1198 daAuts
Depths:2: 1196 daAuts
   Elf:3: 1188 daAuts
